 Dungeon Crawl Stone Soup version 0.29.0-13-gc9e81de378 (webtiles) character file.

Game seed: 6174711199370714748

9103 rogsnak the Thaumaturge (level 11, -1/72 HPs)
             Began as a Barachi Air Elementalist on Sept 9, 2022.
             Was a Believer of Sif Muna.
             Slain by Snorg (18 damage)
             ... on level 11 of the Dungeon on Sept 10, 2022.
             The game lasted 00:31:03 (13182 turns).

rogsnak the Thaumaturge (Barachi Air Elementalist) Turns: 13182, Time: 00:31:04

Health: -1/72      AC:  8    Str:  9    XL:     11   Next: 41%
Magic:  16/35      EV: 13    Int: 20    God:    Sif Muna [**....]
Gold:   708        SH:  0    Dex: 13    Spells: 27/32 levels left

rFire   . . .      SeeInvis .   Y - staff of air
rCold   + . .      Faith    +   (no shield)
rNeg    . . .      Spirit   .   Q - +0 steam dragon scales
rPois   .          Reflect  .   x - +1 helmet
rElec   +          Harm     .   (no cloak)
rCorr   .          Rampage  .   O - +0 pair of gloves
Will    .....                   (no boots)
Stlth   ++........              Z - amulet of faith
HPRegen 0.22/turn               h - ring of magical power
MPRegen 0.24/turn               K - ring of protection from cold

@: unable to hop, slow
A: amphibious, slowness 1, strong legs 1, +LOS
a: Hop, Renounce Religion, Channel Magic


You were on level 11 of the Dungeon.
You worshipped Sif Muna.
Sif Muna was pleased with you.
You visited 2 branches of the dungeon, and saw 12 of its levels.

You collected 708 gold pieces.

Inventory:

Hand Weapons
 d - a +0 war axe
 q - a +0 quarterstaff
 G - a +2 sling of freezing
 I - the +10 short sword of Imbalance {vamp, rPois Will+ Int+2 Dex-3}
   (You found it on level 6 of the Dungeon)

   It occasionally heals its wielder for a portion of the damage dealt when it
   wounds a living foe.
   Int:       It affects your intelligence (+2).
   Dex:       It affects your dexterity (-3).
   rPois:     It protects you from poison.
   Will:      It increases your willpower.
 U - a +2 dagger of electrocution
Missiles
 l - 54 poisoned darts
 F - a throwing net
 L - 56 stones
 R - 6 curare-tipped darts
Armour
 a - a +0 robe
 x - a +1 helmet (worn)
 O - a +0 pair of gloves (worn)
 Q - +0 steam dragon scales (worn)
 S - a +1 leather armour of poison resistance
Magical Staves
 X - a staff of cold
 Y - a staff of air (weapon)
Jewellery
 h - a ring of magical power (left hand)
 p - a +6 ring of strength
 r - an amulet of guardian spirit
 s - a +6 ring of strength
 K - a ring of protection from cold (right hand)
 Z - an amulet of faith (around neck)
Wands
 t - a wand of flame (17)
 y - a wand of polymorph (14)
 A - a wand of digging (6)
 T - a wand of charming (13)
 W - a wand of acid (3)
Scrolls
 c - 2 scrolls of summoning {unknown}
 e - 8 scrolls of teleportation {unknown}
 f - 3 scrolls of amnesia {unknown}
 i - 4 scrolls of silence {unknown}
 k - 8 scrolls of identify {unknown}
 m - 3 scrolls of enchant weapon {unknown}
 o - a scroll of magic mapping {unknown}
 w - a scroll of vulnerability {unknown}
 B - 2 scrolls of enchant armour {unknown}
 D - a scroll of immolation {unknown}
 J - 2 scrolls of brand weapon {unknown}
 M - a scroll of blinking {unknown}
 P - a scroll of fear {unknown}
 V - a scroll of poison {unknown}
Potions
 b - a potion of magic
 g - 3 potions of curing
 j - 2 potions of lignification {unknown}
 n - a potion of berserk rage {unknown}
 u - a potion of heal wounds {unknown}
 v - a potion of mutation {unknown}
 z - a potion of brilliance {unknown}
 C - 2 potions of might {unknown}
 E - 2 potions of haste {unknown}
 H - a potion of degeneration {unknown}
 N - 2 potions of attraction {unknown}


   Skills:
 + Level 2.1 Fighting
 - Level 6.4 Short Blades
 + Level 4.2 Dodging
 - Level 2.0 Stealth
 + Level 11.3 Spellcasting
 + Level 7.1 Conjurations
 + Level 11.0 Air Magic


You had 27 spell levels left.
You knew the following spells:

 Your Spells              Type           Power      Damage    Failure   Level
a - Shock                 Conj/Air       100%       1d9       1%          1
b - Airstrike             Air            35%        2d(5-21)  1%          4

Your spell library contained the following spells:

 Spells                   Type           Power      Damage    Failure   Level
 Magic Dart               Conj           100%       1d8       1%          1
 Searing Ray              Conj           78%        2d7       1%          2
 Static Discharge         Conj/Air       64%        3-11/arc  1%          2
 Swiftness                Air            70%        N/A       1%          3
 Dazzling Flash           Conj/Hex       50%        N/A       4%          3
 Summon Small Mammal      Summ           44%        N/A       6%          1
 Ensorcelled Hibernation  Hex/Ice        22%        N/A       10%         2
 Fulminant Prism          Conj/Hex       12%        3d9       14%         4
 Iskenderun's Mystic Bla  Conj/Tloc      25%        2d7       14%         4
 Call Canine Familiar     Summ           11%        N/A       19%         3
 Spider Form              Tmut/Pois      11%        N/A       19%         3
 Summon Guardian Golem    Hex/Summ       11%        N/A       19%         3
 Anguish                  Hex/Necr       5%         N/A       52%         4
 Starburst                Conj/Fire      12%        6d5       91%         6


Dungeon Overview and Level Annotations

Branches:
Dungeon (11/15)            Temple (1/1) D:6
   Lair: D:8-11         Orc: D:9-12

Altars:
Ashenzari
Cheibriados
Dithmenos
Elyvilon
Fedhas
Gozag
Hepliaklqana
Makhleb
Okawaru
Qazlal
Ru
Sif Muna
Trog
Uskayaw
Vehumet
Wu Jian
Xom
Yredelemnul
Zin
The Shining One

Annotations:
D:11 Josephine, Snorg


Innate Abilities, Weirdness & Mutations

You are amphibious.
You cover ground slowly.
You can hop short distances.
You have an extended range of vision and can be seen from far away.


Message History

The bolt of acid hits Snorg!
The acid corrodes Snorg!
Snorg is moderately wounded.
Unknown command.
Unknown command.
Casting: Airstrike (mildly dangerous; 1% risk of failure)
Confirm with . or Enter, or press ? or * to list all spells.
Aiming: Airstrike (mildly dangerous; 1% risk of failure)
Press: ? - help, Dir - move target, f/p - Snorg
Aim: Snorg (moderately wounded, berserk, covered in acid, empty space bonus: 7/8)
You feel a surge of power!
The air twists around and strikes Snorg!
Snorg is moderately wounded.
Snorg bites you! Snorg misses you. Snorg claws you.
Unknown command.
Unknown command.
Casting: Airstrike (mildly dangerous; 1% risk of failure)
Confirm with . or Enter, or press ? or * to list all spells.
Aiming: Airstrike (mildly dangerous; 1% risk of failure)
Press: ? - help, Dir - move target, f/p - Snorg
Aim: Snorg (moderately wounded, berserk, covered in acid, empty space bonus: 7/8)
You feel a surge of power!
The air twists around and strikes Snorg!!
Snorg is heavily wounded.
Snorg barely misses you. Snorg closely misses you. Snorg claws you!
* * * LOW HITPOINT WARNING * * *
Snorg bites you.
* * * LOW HITPOINT WARNING * * *
Snorg barely misses you. Snorg claws you but does no damage.
Unknown command.
Unknown command.
Casting: Airstrike (mildly dangerous; 1% risk of failure)
Confirm with . or Enter, or press ? or * to list all spells.
Aiming: Airstrike (mildly dangerous; 1% risk of failure)
Press: ? - help, Dir - move target, f/p - Snorg
Aim: Snorg (heavily wounded, berserk, covered in acid, empty space bonus: 7/8)
You feel a surge of power!
The air twists around and strikes Snorg!
Snorg is severely wounded.
Snorg bites you!!
You die...

......#................###
......###'########........
.............#...#..#####.
.............#...#..#
.............#...#..#
########.....#...#..# #...
#.[..##...#...
.....##....# ...#...
........@T.##...#
................#
##+####.........#
+.........# ###########


You could see Snorg (berserk, corroded).

Vanquished Creatures
  3 two-headed ogres
  A gargoyle (D:9)
  A kobold demonologist (D:10)
  Prince Ribbit (D:8)
  A troll (D:11)
  A shadow (D:11)
  4 wraiths
  2 wyverns
  7 yaks
  A steam dragon (D:7)
  2 water moccasins
  An acid dragon (D:10)
  3 black bears
  An ice beast (D:5)
  4 orc warriors
  A sky beast (D:8)
  3 ogres
  4 centaurs
  A phantom (D:5)
  4 kobold brigands
  5 bullfrogs
  2 gnoll sergeants
  A necrophage (D:4)
  A scorpion (D:4)
  5 killer bees (D:10)
  3 howler monkeys
  4 hounds
  A gnoll bouda (D:6)
  6 orc priests
  Jessica (D:2)
  5 iguanas
  14 orc wizards
  23 gnolls
  8 adders
  3 shadow imps
  3 white imps
  2 dart slugs (D:3)
  38 orcs
  7 endoplasms
  6 giant cockroaches
  7 goblins
  10 hobgoblins
  7 jackals
  4 quokkas
  11 ball pythons
  2 bats
  4 frilled lizards
  22 kobolds
  4 rats
255 creatures vanquished.

Notes
Turn   | Place    | Note
-------+----------+-------------------------------------------
     0 | D:1      | rogsnak the Barachi Air Elementalist began the quest for
                  | the Orb.
     0 | D:1      | Reached XP level 1. HP: 13/13 MP: 3/3
   301 | D:1      | Reached XP level 2. HP: 19/19 MP: 1/5
  1179 | D:2      | Reached XP level 3. HP: 24/24 MP: 7/7
  1500 | D:2      | Noticed Jessica
  1513 | D:2      | Killed Jessica
  1637 | D:2      | Reached XP level 4. HP: 25/30 MP: 8/8
  2010 | D:3      | Found a faded altar of an unknown god.
  2243 | D:3      | Found an opulent altar of Gozag.
  2372 | D:3      | Reached XP level 5. HP: 32/36 MP: 5/10
  2382 | D:3      | Found a white marble altar of Elyvilon.
  2841 | D:4      | Noticed an ogre
  3064 | D:4      | Reached XP level 6. HP: 37/42 MP: 11/11
  3167 | D:4      | Reached skill level 5 in Air Magic
  3485 | D:4      | Found a bloodstained altar of Trog.
  3573 | D:4      | Found a glowing golden altar of the Shining One.
  3923 | D:4      | Reached skill level 1 in Fighting
  3923 | D:4      | Reached XP level 7. HP: 48/48 MP: 13/13
  3974 | D:5      | Entered Level 5 of the Dungeon
  4067 | D:5      | Learned a level 4 spell: Airstrike
  4306 | D:5      | Reached skill level 5 in Conjurations
  4935 | D:6      | Reached skill level 5 in Spellcasting
  5024 | D:5      | Reached XP level 8. HP: 18/54 MP: 11/15
  6144 | D:6      | Reached XP level 9. HP: 60/60 MP: 19/19
  6463 | D:6      | Identified the +10 short sword of Imbalance {vamp, rPois
                  | Will+ Int+2 Dex-3}
  6642 | D:6      | Reached skill level 1 in Short Blades
  6727 | D:6      | Found a staircase to the Ecumenical Temple.
  6745 | Temple   | Entered the Ecumenical Temple
  6756 | Temple   | Became a worshipper of Sif Muna the Loreminder
  7392 | D:7      | Found a shadowy altar of Dithmenos.
  7916 | D:7      | Reached * piety under Sif Muna
  8235 | D:8      | Noticed Prince Ribbit
  8452 | D:8      | Noticed a two-headed ogre
  8527 | D:8      | Found a shimmering altar of Xom.
  8527 | D:8      | Found a shimmering altar of Xom.
  8527 | D:8      | Found a shimmering altar of Xom.
  8527 | D:8      | Found a shimmering altar of Xom.
  8528 | D:8      | Found a shimmering altar of Xom.
  8528 | D:8      | Found a shimmering altar of Xom.
  8528 | D:8      | Found a shimmering altar of Xom.
  8762 | D:8      | Found a burning altar of Makhleb.
  8827 | D:8      | Killed a two-headed ogre
  8828 | D:8      | Reached XP level 10. HP: 50/67 MP: 1/23
  9083 | D:8      | Killed Prince Ribbit
  9360 | D:9      | Noticed a gargoyle
  9363 | D:9      | Killed a gargoyle
  9529 | D:9      | Reached ** piety under Sif Muna
  9978 | D:9      | Noticed a two-headed ogre
  9986 | D:9      | Killed a two-headed ogre
  9987 | D:9      | Reached skill level 10 in Spellcasting
  9987 | D:9      | Reached skill level 10 in Air Magic
 10200 | D:10     | Entered Level 10 of the Dungeon
 10200 | D:10     | Noticed a kobold demonologist
 10203 | D:10     | Killed a kobold demonologist
 10587 | D:10     | Found a runed translucent door.
 10620 | D:10     | Reached skill level 5 in Short Blades
 11191 | D:10     | Reached XP level 11. HP: 51/72 MP: 9/25
 11691 | D:10     | Noticed a two-headed ogre
 11696 | D:10     | Killed a two-headed ogre
 11896 | D:10     | Found a radiant altar of Vehumet.
 12186 | D:11     | Noticed Josephine
 13168 | D:11     | Noticed Snorg
 13182 | D:11     | Slain by Snorg

Illustrated notes

Levels and vault maps discovered:
D:1:      dpeg_arrival_arbitrary_c, layout_loops_cross, kennysheep_boxes
D:2:      layout_loops_ring, uniq_jessica
D:3:      layout_rooms, nicolae_gozag_seed_capital,
          mainiacjoe_overflow_24_doors, nicolae_ecumenical_snake_handling
D:4:      layout_basic, bloody_trog, lemuel_coloured_pillars_altar
D:5:      layout_layer_cave
D:6:      layout_loops_ring, minmay_temple_entry_wispy, minmay_circle_x
D:7:      layout_basic, grunt_dithmenos_smoke_and_mirrors
D:8:      layout_rooms, mainiacjoe_overflow_six_doors_small, xom_shifter_show,
          st_stairs_12, uniq_prince_ribbit1
D:9:      layout_long_grid, serial_bayou_crossing
D:10:     layout_stronghold, mainiacjoe_overflow_concentric_impassable,
          lightli_church_of_beogh
D:11:     layout_stronghold, lair_entry_dummy, serial_shops, shop_fountains,
          uniq_psyche, uniq_snorg, uniq_josephine
Temple:   nicolae_temple_two_arcs

Skill      XL: |  1  2  3  4  5  6  7  8  9 10 11 |
---------------+----------------------------------+-----
Stealth        | 2 |  2.0
Spellcasting   | 3 4 5 7 9 10 11 | 11.3
Conjurations   | 2 3 4 5 6 7 |  7.1
Air Magic      | 4 5 6 7 9 10 11 | 11.0
Fighting       | 1 2 |  2.1
Dodging        | 3 4 |  4.2
Short Blades   | 3 5 6 |  6.4

Action                   |  1- 3 |  4- 6 |  7- 9 | 10-12 || total
-------------------------+-------+-------+-------+-------++-------
Melee: War axe           |    12 |       |       |       ||    12
       Quarterstaff      |       |    14 |     7 |       ||    21
       Short sword       |       |       |    27 |    26 ||    53
       Punch             |       |       |     1 |       ||     1
       Staff             |       |       |       |     9 ||     9
 Cast: Shock             |    57 |   146 |   167 |    57 ||   427
       Airstrike         |       |       |    69 |    95 ||   164
 Abil: Hop               |       |       |     2 |     3 ||     5
Evoke: Wand              |       |       |       |     3 ||     3
  Use: Potion            |       |       |     1 |       ||     1
Armor: Robe              |     2 |     9 |    30 |       ||    41
       Steam dragon scal |       |       |    10 |    17 ||    27
Dodge: Dodged            |    14 |    23 |    77 |    60 ||   174
